 Dungeon Crawl Stone Soup version 0.18.1-50-g88ac8fd (webtiles) character file.

283 magog001 the Shield-Bearer (level 6, -4/54 HPs)
             Began as a Hill Orc Fighter on Aug 29, 2018.
             Killed by divine providence
             ... invoked by an orc priest
              (16 damage)
             ... on level 3 of the Dungeon.
             The game lasted 00:11:40 (2100 turns).

magog001 the Shield-Bearer (Hill Orc Fighter)       Turns: 2100, Time: 00:11:41

Health: -4/54      AC: 16    Str: 21    XL:     6   Next: 28%
Magic:  6/6        EV:  9    Int:  8    God:
Gold:   87         SH: 11    Dex:  6    Spells: 0 memorised, 5 levels left

rFire  . . .     SeeInvis .     a - +1 war axe
rCold  . . .     Gourm    .     b - +0 scale mail
rNeg   . . .     Faith    .     r - +1 buckler {AC+3}
rPois  +         Spirit   .     (no helmet)
rElec  .         Dismiss  .     (no cloak)
rCorr  .         Reflect  +     o - +0 pair of gloves
SustAt .         Harm     .     e - +1 pair of boots
MR     .....                    h - +6 amulet of reflection
Stlth  ..........               (no ring)
                                (no ring)

@: not resistant to hostile enchantments, extremely unstealthy
A: rugged brown scales 1, slimy green scales 1, blurry vision 1, clumsy 2,
poison resistance, MP-powered wands
a: Convert to Beogh


You were on level 3 of the Dungeon.
You were hungry.

You visited 1 branch of the dungeon, and saw 3 of its levels.

You collected 87 gold pieces.

Inventory:

Hand Weapons
 a - a +1 war axe (weapon)
Missiles
 p - 27 sling bullets
Armour
 b - a +0 scale mail (worn)
 e - a +1 pair of boots (worn)
 o - a +0 pair of gloves (worn)
 r - a +1 buckler of protection (worn)
Jewellery
 h - a +6 amulet of reflection (around neck)
Scrolls
 c - 2 scrolls of noise
 n - a scroll of teleportation
Potions
 d - 2 potions of curing {unknown}
 j - a potion of berserk rage {unknown}
 k - a potion of invisibility {unknown}
 l - a potion of heal wounds {unknown}
 m - a potion of haste {unknown}
 q - a potion of magic
 t - a potion of brilliance {unknown}
Comestibles
 f - 4 bread rations
 g - 9 chunks of flesh
 i - 2 beef jerkies


   Skills:
 * Level 4.7 Fighting
 * Level 4.9 Axes
 * Level 4.1 Armour
 * Level 5.4 Shields


You had 5 spell levels left.
You didn't know any spells.

Dungeon Overview and Level Annotations

Branches:
Dungeon (3/15)

Altars:


Innate Abilities, Weirdness & Mutations

You are partially covered in rugged brown scales (AC +1, +3% HP).
You are partially covered in slimy green scales (AC +2).
Scrolls take you a little longer to read.
You are very clumsy. (Dex -4)
Your system is resistant to poisons.
You expend magic power (3 MP) to strengthen your wands.


Message History

You slash the orc!
You kill the orc!
The orc priest hits you with a hand axe.
The orc hits you but does no damage.
You closely miss the orc priest.
The orc priest is lightly wounded.
You slash the orc!
You kill the orc!
The orc priest hits you with a hand axe.
* * * LOW HITPOINT WARNING * * *
You block the adder's attack.
The orc priest shouts, "Beogh is our master!
Accept the truth or die!"
The orc priest hits you with a hand axe.
* * * LOW HITPOINT WARNING * * *
You barely miss the orc priest.
The orc priest is lightly wounded.
You miss the adder. You block the adder's attack.
The orc priest calls down the wrath of Beogh upon you.
Beogh smites you!
You die...

####.# #.#
#.# #.# #.#
#.#
#########
#.#
.....oSo#
#.#
#@#######.#
#?........#
###########


You could see an orc priest, an adder and an orc.

Vanquished Creatures
  The ghost of mopl the Ruffian, an amateur VSMo (D:3)
  An orc wizard (D:3)
  Robin (D:3)
  3 gnolls (D:3)
  4 adders
  3 oozes
  2 dart slugs
  4 giant geckos
  3 orcs (D:3)
  2 bats (D:2)
  4 giant cockroaches
  10 goblins
  10 hobgoblins
  17 jackals
  4 giant newts
  11 kobolds
  5 rats
85 creatures vanquished.

Notes
Turn   | Place    | Note
--------------------------------------------------------------
     0 | D:1      | magog001 the Hill Orc Fighter began the quest for the Orb.
     0 | D:1      | Reached XP level 1. HP: 19/19 MP: 1/1
   124 | D:1      | Reached XP level 2. HP: 23/27 MP: 2/2
   591 | D:1      | Reached XP level 3. HP: 29/33 MP: 3/3
  1314 | D:2      | Reached skill level 4 in Shields
  1314 | D:2      | Reached XP level 4. HP: 40/40 MP: 4/4
  1599 | D:2      | Gained mutation: Scrolls take you a little longer to read. [potion of mutation]
  1599 | D:2      | Gained mutation: Your system is resistant to poisons. [potion of mutation]
  1599 | D:2      | Gained mutation: You have a pair of small horns on your head. [potion of mutation]
  1646 | D:2      | Gained mutation: You are clumsy. (Dex -2) [potion of mutation]
  1646 | D:2      | Gained mutation: You expend magic power (3 MP) to strengthen your wands. [potion of mutation]
  1646 | D:2      | Gained mutation: You are partially covered in rugged brown scales (AC +1, +3% HP). [potion of mutation]
  1731 | D:3      | Reached XP level 5. HP: 47/47 MP: 5/5
  1870 | D:3      | Noticed mopl's ghost (amateur VSMo)
  1873 | D:3      | Noticed Robin
  1892 | D:3      | Killed mopl's ghost
  1892 | D:3      | Reached skill level 5 in Shields
  1892 | D:3      | Reached XP level 6. HP: 38/54 MP: 6/6
  1893 | D:3      | Killed Robin
  1976 | D:3      | Gained mutation: You are very clumsy. (Dex -4) [potion of mutation]
  1976 | D:3      | Gained mutation: You are partially covered in slimy green scales (AC +2). [potion of mutation]
  1976 | D:3      | Lost mutation: You have a pair of small horns on your head. [potion of mutation]
  2100 | D:3      | Killed from afar by an orc priest

Skill      XL: |  1  2  3  4  5 |
---------------+----------------+-----
Axes           | 3 4 |  4.9
Fighting       | 4 |  4.7
Shields        | 4 5 |  5.4
Armour         | 4 |  4.1

Action                   |  1- 3 |  4- 6 || total
-------------------------+-------+-------++-------
Melee: War axe           |    65 |   158 ||   223
       Hand axe          |    92 |       ||    92
       Headbutt          |       |     3 ||     3
  Use: Scroll            |     3 |     5 ||     8
       Potion            |     1 |     4 ||     5
  Eat: Chunk             |     2 |     2 ||     4
Armor: Scale mail        |    65 |    76 ||   141
Dodge: Dodged            |    53 |    33 ||    86
Block: Shield            |    89 |   110 ||   199
       Reflection        |     1 |     4 ||     5
       Buckler           |       |    45 ||    45
